 Dungeon Crawl Stone Soup version 0.29-a0-841-g116ddc6ace (webtiles) character file.

Game seed: 15785705834142525250

8 mathmaestro the Grave Robber (level 2, 20/20 HPs)
             Began as a Demonspawn Necromancer on July 15, 2022.
             Quit the game on level 1 of the Dungeon.
             The game lasted 00:00:53 (252 turns).

mathmaestro the Grave Robber (DsNe)                  Turns: 252, Time: 00:00:54

Health: 20/20      AC:  3    Str:  8    XL:     2   Next: 0%
Magic:  5/5        EV: 12    Int: 16    God:
Gold:   0          SH:  4    Dex: 13    Spells: 4/5 levels left

rFire   . . .      SeeInvis .   d - +2 hand axe (elec)
rCold   . . .      Faith    .   (no shield)
rNeg    . . .      Spirit   .   a - +0 robe
rPois   .          Reflect  .   (no helmet)
rElec   .          Harm     .   c - +0 cloak
rCorr   .          Rampage  .   (no gloves)
Will    .....                   (no boots)
Stlth   ++........              (no amulet)
HPRegen 0.06/turn               (no ring)
MPRegen 0.09/turn               (no ring)

@: no status effects
A: condensation shield
a: no special abilities


You were on level 1 of the Dungeon.
You visited 1 branch of the dungeon, and saw 1 of its levels.

Inventory:

Hand Weapons
 d - a +2 hand axe of electrocution (weapon)
Armour
 a - a +0 robe (worn)
 c - a +0 cloak (worn)
Potions
 b - a potion of magic


   Skills:
 + Level 0.3 Fighting
 + Level 0.3 Armour
 + Level 1.9 Dodging
 + Level 1.9 Stealth
 + Level 2.1 Spellcasting
 + Level 4.4 Necromancy


You had 4 spell levels left.
You knew the following spells:

 Your Spells              Type           Power      Damage    Failure   Level
a - Necrotise             Necr           64%        1d7       3%          1

Your spell library contained the following spells:

 Spells                   Type           Power      Damage    Failure   Level
 Vampiric Draining        Necr           16%        2d7       10%         3
 Animate Dead             Necr           16%        N/A       32%         4
 Agony                    Necr           16%        N/A       65%         5


Dungeon Overview and Level Annotations

Branches:
Dungeon (1/15)

Altars:


Innate Abilities, Weirdness & Mutations

A meltable shield of frost defends you. (SH +4)


Message History

Aim: a quokka (heavily wounded, ally target, chance to affect: 85%)
The quokka writhes in agony.
You kill the quokka!
The dead are hopping!
You swap places.
Your quokka skeleton crumbles into dust!
Your quokka skeleton crumbles into dust!
Found a stone staircase leading down.
You see here a +2 hand axe of electrocution.
d - a +2 hand axe of electrocution You hear the crackle of electricity.
d - a +2 hand axe of electrocution (weapon)
A kobold comes into view. It is wielding a +0 whip.
Casting: Necrotise (safe; 3% risk of failure)
Confirm with . or Enter, or press ? or * to list all spells.
Aiming: Necrotise (safe; 3% risk of failure)
Press: ? - help, Shift-Dir - straight line, f - kobold
Aim: a kobold, wielding a +0 whip (asleep, chance to affect: 85%)
The kobold shouts!
The kobold writhes in agony.
You kill the kobold!
The dead are walking!
You hear a shout!
You swap places.
You see here a +0 whip.
Found 5 stones.
Found 2 stones.
Your kobold skeleton crumbles into dust!
A rat and a goblin come into view.
The helpless rat fails to defend itself.
You hit the rat. Lightning courses through the rat!
You kill the rat!
You hit the goblin.
You kill the goblin!
You have reached level 2!
Your demonic ancestry asserts itself...
Frost condenses into a shield before you.
Things that are here:
a +0 dagger; a goblin corpse Are you sure you want to abandon this character and quit the game? (Confirm with "yes".)

#.
#####.#..####...
#.# ..#
...........# #.##
... ..#
.#.#####.#.## #.##
#.# #.# #.#.#
#.#.######## #.#
#.# #.#.#
#.......##.. ##.##
#.# #.#.#
##...####...
###...###.# #.#.#
####...###.#.#
........#.####.#.#
#........#..#.
###.)Z#.#....#(#@#
#.......##...#
##.##........#.#
#.......#..#.#
#.#######.#...#
##.#..###.##..
###.# #..(..#.###
#.#.##....#.#
#...# #.#####.#
#.###....####
.#.### #.#
#.##..##.## #
.#.### # #.#
#.##.# #..##
.....###.# #.#
#.##....#..##
.#.#...... ..#
#.##...####..


There were no monsters in sight!

Vanquished Creatures
  An endoplasm (D:1)
  A hobgoblin (D:1)
  A kobold (D:1)
  2 quokkas (D:1)
  A goblin (D:1)
  A rat (D:1)
7 creatures vanquished.

Notes
Turn   | Place    | Note
-------+----------+-------------------------------------------
     0 | D:1      | mathmaestro the Demonspawn Necromancer began the quest for
                  | the Orb.
     0 | D:1      | Reached XP level 1. HP: 13/13 MP: 3/3
   251 | D:1      | Gained mutation: A meltable shield of frost defends you.
                  | (SH +4) [demonic ancestry]
   251 | D:1      | Reached XP level 2. HP: 20/20 MP: 5/5
   252 | D:1      | Quit the game

Illustrated notes

Levels and vault maps discovered:
D:1:      lemuel_arrival_tunnels, layout_loops_ring,
          chequers_ecumenical_altar_simple_redux, minivault_25

Action                   || total
-------------------------++-------
Melee: Hand axe          ||     2
 Cast: Necrotise         ||     6
 Stab: Sleeping          ||     1

Table legend: (Time is in decaauts)
 A = Elapsed time spent in this place.
 B = Non-inter-level travel time spent in this place.
 C = Inter-level travel time spent in this place.
 D = Time resting spent in this place.
 E = Time spent auto-exploring this place.
 F = Levels seen in this place.
 G = Mean time per level.
                   A        B        C        D        E       F      G
               +--------+--------+--------+--------+--------+-----+--------+
         Total |    252 |    252 |      0 |     11 |    205 |   1 |  252.0 |
       Dungeon |    252 |    252 |      0 |     11 |    205 |   1 |  252.0 |
               +--------+--------+--------+--------+--------+-----+--------+

Top non-repeatable levels by time:
     D:1: 252 daAuts
